 Dungeon Crawl Stone Soup version 0.29.1-15-g9cfb28693d (webtiles) character file.

Game seed: 11612428440357632388

1587 dobroeutro the Basher (level 8, 15/46 HPs)
             Began as a Gargoyle Fighter on Apr 22, 2023.
             Was an Initiate of Okawaru.
             Quit the game on level 6 of the Dungeon.
             The game lasted 00:08:22 (5643 turns).

dobroeutro the Basher (Gargoyle Fighter)            Turns: 5643, Time: 00:08:23

Health: 15/46      AC: 14    Str: 21    XL:     8   Next: 92%
Magic:  8/8        EV:  9    Int: 10    God:    Okawaru [......]
Gold:   366        SH:  0    Dex:  9    Spells: 7/7 levels left

rFire   . . .      SeeInvis .   a - +1 flail
rCold   + . .      Faith    .   c - +0 buckler
rNeg    + . .      Spirit   .   b - +0 scale mail
rPois   ∞          Reflect  .   o - +0 helmet
rElec   +          Harm     .   (no cloak)
rCorr   .          Rampage  .   g - +0 pair of gloves
Will    .....                   (no boots)
Stlth   ..........              (no amulet)
HPRegen 0.15/turn               f - ring of protection from cold
MPRegen 0.11/turn               (no ring)

@: confused, ambrosia-drunk
A: sickness immunity, AC +5, negative energy resistance 1, electricity
resistance, torment resistance 1, petrification resistance
a: Renounce Religion


You were on level 6 of the Dungeon.
You worshipped Okawaru.
Okawaru was noncommittal.
You visited 1 branch of the dungeon, and saw 6 of its levels.

You collected 366 gold pieces.

Inventory:

Hand Weapons
 a - a +1 flail (weapon)
Armour
 b - a +0 scale mail (worn)
 c - a +0 buckler (worn)
 g - a +0 pair of gloves (worn)
 o - a +0 helmet (worn)
Jewellery
 f - a ring of protection from cold (left hand)
Wands
 n - a wand of mindburst (7)
Scrolls
 d - a scroll of blinking {unknown}
 h - a scroll of enchant weapon
 i - a scroll of identify
 j - a scroll of amnesia
 l - a scroll of immolation
 m - 6 scrolls of teleportation
Potions
 e - a potion of brilliance
 k - a potion of attraction
 q - a potion of cancellation


   Skills:
 - Level 3.2 Fighting
 + Level 11.1 Maces & Flails
 - Level 3.2 Armour
 - Level 3.2 Shields


You had 7 spell levels left.
You didn't know any spells.
Your spell library contained the following spells:

 Spells                   Type           Power      Damage    Failure   Level
 Freeze                   Ice            0%         1d3       80%         1
 Frozen Ramparts          Ice            0%         1d1       99%         3
 Ignite Poison            Fire/Tmut/Pois 0%         N/A       99%         3
 Mephitic Cloud           Conj/Pois/Air  0%         N/A       99%         3
 Hailstorm                Conj/Ice       0%         3d3       100%        4
 Freezing Cloud           Conj/Ice/Air   0%         6-21      100%        5


Dungeon Overview and Level Annotations

Branches:
Dungeon (6/15)
 Temple: D:4-7

Altars:
Dithmenos
Fedhas
Gozag
Hepliaklqana
Makhleb
Okawaru
Wu Jian
Zin

Shops:
D:4 *   D:6 *

Annotations:
D:3 2 transporters, p0werm0de's ghost, amateur MiFi


Innate Abilities, Weirdness & Mutations

You are immune to sickness and miasma.
Your stone body is resilient. (AC +5)
You are immune to poison.
You resist negative energy. (rN+)
You are resistant to electric shocks. (rElec)
You are resistant to unholy torment.
You are immune to petrification.


Message History

The ice beast is heavily wounded.
The centaur shoots an arrow.
The arrow hits you but does no damage.
The ice beast hits you but does no damage.
You sock the ice beast!
The ice beast is severely wounded.
The centaur shoots an arrow.
You block the arrow. The ice beast closely misses you.
The centaur shoots an arrow.
The arrow hits you.
You hit the ice beast.
The ice beast is almost dead.
The centaur shoots an arrow.
The arrow misses you.
The ice beast hits you but does no damage.
You closely miss the ice beast.
The ice beast is almost dead.
The ice beast hits you but does no damage.
You barely miss the ice beast.
The ice beast is almost dead.
The centaur shoots an arrow.
The arrow hits you!
The centaur shoots an arrow.
The arrow closely misses you. The ice beast barely misses you.
You hit the ice beast.
You kill the ice beast!
Okawaru accepts your kill.
The centaur shoots an arrow.
The arrow hits you.
Your Maces & Flails skill increases to level 11!
The centaur shoots an arrow.
The arrow barely misses you.
The centaur shoots an arrow.
The arrow hits you!
* * * LOW HITPOINT WARNING * * *
You are confused.
You feel invigorated.
The centaur wields a +0 shortbow.
The centaur shoots an arrow.
The arrow hits you but does no damage.
The centaur shoots an arrow.
The arrow hits you but does no damage.
The centaur shoots an arrow.
The arrow hits you.
The centaur shoots an arrow.
The arrow hits you!
The centaur shoots an arrow.
The arrow hits you.
Unknown command.
Are you sure you want to abandon this character and quit the game? (Confirm with "yes".)
Okay, then.
Unknown command.
Are you sure you want to abandon this character and quit the game? (Confirm with "yes".)

..♣♣.P.P..#.##
♣...♣♣P..#..##.
♣♣...♣♣.........
♣.P.P............
..♣♣.PPP.♣P..#..#...
...P..PPP.PP..#..#...
....♣♣...♣♣...#....##
....♣♣...♣♣♣..........
.....P..PcP..@........
..........).....#...#.
..............### ....
<.....#..#)....# .....
...............#...PP
........##...<....P.♣
...#....###.......P..P
.####.... #...##..PPPP
...........# ......


You could see a centaur.

Vanquished Creatures
  Prince Ribbit (D:5)
  Sigmund (D:6)
  Eustachio (D:5)
  Edmund (D:5)
  An ice beast (D:6)
  A centaur (D:5)
  A phantom (D:4)
  3 scorpions
  A howler monkey (D:5)
  4 hounds
  An orc priest (D:5)
  3 iguanas
  Natasha (D:3)
  Terence (D:3)
  2 orc wizards
  5 adders
  A gnoll (D:5)
  An ufetubus (D:4)
  A worm (D:2)
  4 dart slugs
  19 orcs
  2 bats
  5 endoplasms
  A giant cockroach (D:1)
  4 goblins
  6 hobgoblins
  6 quokkas
  2 ball pythons
  5 frilled lizards
  6 kobolds
  3 rats
94 creatures vanquished.

Vanquished Creatures (others)
  An orc wizard (D:5)
  3 bushes
4 creatures vanquished.

Grand Total: 98 creatures vanquished

Notes
Turn   | Place    | Note
-------+----------+-------------------------------------------
     0 | D:1      | dobroeutro the Gargoyle Fighter began the quest for the
                  | Orb.
     0 | D:1      | Reached XP level 1. HP: 14/14 MP: 1/1
   321 | D:1      | Reached XP level 2. HP: 19/19 MP: 2/2
   638 | D:2      | Reached skill level 3 in Maces & Flails
  1044 | D:2      | Reached XP level 3. HP: 20/23 MP: 3/3
  1736 | D:3      | Reached skill level 4 in Maces & Flails
  1837 | D:3      | Reached XP level 4. HP: 28/28 MP: 4/4
  1906 | D:3      | Found a burning altar of Makhleb.
  2002 | D:3      | Found a transporter.
  2003 | D:3      | Noticed an ogre
  2003 | D:3      | Noticed an ogre
  2003 | D:3      | Noticed p0werm0de's ghost (amateur MiFi)
  2041 | D:3      | Found a transporter.
  2092 | D:3      | Noticed Natasha
  2110 | D:3      | HP: 1/28 [Natasha (6)]
  2124 | D:3      | Killed Natasha
  2398 | D:3      | Noticed Terence
  2416 | D:3      | Killed Terence
  2564 | D:4      | Reached skill level 5 in Maces & Flails
  2564 | D:4      | Reached XP level 5. HP: 30/32 MP: 5/5
  2787 | D:4      | Found a glowing silver altar of Zin.
  2802 | D:4      | Found Gozag's Platinum Reserve.
  2806 | D:4      | Reached skill level 6 in Maces & Flails
  2827 | D:4      | Noticed a phantom
  2851 | D:4      | Killed a phantom
  2852 | D:4      | Reached XP level 6. HP: 31/37 MP: 6/6
  3102 | D:4      | Found an opulent altar of Gozag.
  3254 | D:4      | Reached skill level 7 in Maces & Flails
  3613 | D:5      | Entered Level 5 of the Dungeon
  3628 | D:5      | Found an ornate altar of the Wu Jian Council.
  3727 | D:5      | Reached XP level 7. HP: 33/41 MP: 7/7
  4112 | D:5      | Reached skill level 8 in Maces & Flails
  4355 | D:5      | Noticed Edmund
  4381 | D:5      | Killed Edmund
  4382 | D:5      | Reached skill level 9 in Maces & Flails
  4382 | D:5      | Reached XP level 8. HP: 27/46 MP: 8/8
  4508 | D:5      | Found a shadowy altar of Dithmenos.
  4508 | D:5      | Found a blossoming altar of Fedhas.
  4526 | D:5      | Noticed Eustachio
  4537 | D:5      | Killed Eustachio
  4637 | D:5      | Found a hazy altar of Hepliaklqana.
  4640 | D:5      | Found an iron altar of Okawaru.
  4643 | D:5      | Became a worshipper of Warmaster Okawaru
  4678 | D:5      | Noticed Prince Ribbit
  4698 | D:5      | Killed Prince Ribbit
  4699 | D:5      | Reached skill level 10 in Maces & Flails
  5416 | D:6      | Found Paenuag's Assorted Antiques.
  5444 | D:6      | Noticed Sigmund
  5571 | D:6      | Killed Sigmund
  5631 | D:6      | Reached skill level 11 in Maces & Flails
  5643 | D:6      | Quit the game

Illustrated notes

Levels and vault maps discovered:
D:1:      minmay_arrival_stone_box, layout_loops_ring, minivault_14,
          minmay_tripent
D:2:      layout_loops_cross, kennysheep_flooded_box,
          chequers_serial_rivers_micro_c
D:3:      layout_loops_ring, amcnicky_altar_gilded, gammafunk_ghost_smash,
          kennysheep_generic_room_15, uniq_terence, uniq_natasha
D:4:      layout_basic, zin_academy, nicolae_gozag_zags_fifth_avenue,
          kennysheep_minor_cross, minmay_vboxes
D:5:      layout_basic, mainiacjoe_overflow_24_doors, nicolae_overflow_squiral,
          mainiacjoe_overflow_divided_tiny, kennysheep_donut, st_stairs_13,
          cheibrodos_gnoll_hut, uniq_edmund, uniq_prince_ribbit1, uniq_eustachio
D:6:      minmay_cornered_nines, layout_cave_pools, temple_statues, serial_park,
          serial_park_square1 [serial_park_minivault_5x5_5], serial_park_square3
          [serial_park_minivault_5x5_5], serial_park_square3
          [serial_park_minivault_5x5_8], serial_park_square2, serial_shops,
          nicolae_lakefront_shop, nicolae_stop_n_shop_2,
          nicolae_shop_statue_plus, nicolae_kite_square_tiling_tiny, uniq_pikel,
          uniq_blork_the_orc, uniq_sigmund

Skill      XL: |  1  2  3  4  5  6  7  8 |
---------------+-------------------------+-----
Maces & Flails | 3 4 5 6 7 9 11 | 11.1
Fighting       | |  3.2
Armour         | |  3.2
Shields        | |  3.2

Action                   |  1- 3 |  4- 6 |  7- 9 || total
-------------------------+-------+-------+-------++-------
Melee: Flail             |    99 |   170 |   193 ||   462
  Use: Potion            |       |     5 |     5 ||    10
       Scroll            |       |     6 |     1 ||     7
Armor: Scale mail        |    47 |   106 |    73 ||   226
Dodge: Dodged            |    35 |    76 |    62 ||   173
Block: Buckler           |    18 |    32 |    28 ||    78
